Map: [ESL] Hecate

Players

Harstem

  • Race: Protoss Protoss
  • League: Grandmaster
  • Spawn Location: 7:00

LiquidElazer (Elazer) - Winner!

  • Race: Zerg Zerg
  • Spawn Location: 1:00

Event: HomeStory Cup XXIV

VOD

Have the link to the VOD?

Description

Time

  • Played on: Dec. 1, 2023, 8:43 a.m.
  • Length: 16:17

All games in this series

Show
View Real Time Build Order
Export as new Build Order

Harstem Protoss 

Build Orders: 1 Gate Expand, Oracle Opening, Carriers 

Get SALT Encoding   

  12  0:00  Probe  
  13  0:12  Probe  
  14  0:17  Pylon  
  14  0:24  Probe (Chrono Boost)  
  14  0:27  Assimilator  
  15  0:36  Probe (Chrono Boost)  
  16  0:45  Probe (Chrono Boost)  
  16  0:46  Gateway  
  17  0:50  Probe  
  18  1:03  Probe  
  19  1:15  Probe  
  20  1:22  Nexus  
  20  1:33  Cybernetics Core  
  20  1:34  Probe  
  21  1:40  Assimilator  
  21  1:46  Probe  
  22  1:49  Pylon  
  22  1:59  Probe  
  23  2:08  Adept (Chrono Boost)  
  23  2:11  Probe (Chrono Boost)  
  23  2:13  Stargate  
  27  2:23  Warp Gate, Probe (Chrono Boost)  
  27  2:30  Adept, Probe (Chrono Boost)  
  27  2:34  Probe (Chrono Boost)  
  31  2:43  Probe (Chrono Boost)  
  33  2:44  Probe (Chrono Boost)  
  33  2:49  Probe x2 (Chrono Boost)  
  35  2:57  Oracle (Chrono Boost)  
  38  3:01  Probe x2  
  38  3:05  Pylon  
  40  3:13  Gateway, Probe x2  
  42  3:25  Oracle (Chrono Boost), Probe x2  
  47  3:37  Probe x2  
  49  3:43  Pylon  
  49  3:45  Nexus  
  49  3:49  Probe  
  49  3:50  Probe  
  49  3:52  Twilight Council  
  51  4:01  Probe  
  51  4:02  Assimilator, Probe  
  53  4:11  Adept x2  
  53  4:12  Pylon  
  53  4:13  Probe  
  53  4:14  Probe  
  59  4:17  Assimilator  
  59  4:24  Blink (Chrono Boost)  
  59  4:27  Probe  
  59  4:28  Gateway  
  59  4:30  Gateway  
  60  4:34  Probe  
  58  4:47  Probe  
  58  4:48  Probe  
  58  4:51  Stalker x2  
  62  4:54  Pylon  
  62  4:57  Probe  
  62  4:59  Probe  
  62  5:01  Probe  
  62  5:05  Shield Battery  
  63  5:09  Probe  
  63  5:11  Probe  
  63  5:13  Probe  
  66  5:14  Stalker x2  
  70  5:21  Probe  
  70  5:23  Stalker, Probe  
  70  5:24  Stalker  
  70  5:25  Probe  
  77  5:28  Fleet Beacon  
  77  5:35  Probe  
  79  5:37  Probe  
  79  5:39  Stalker x2  
  79  5:42  Stargate  
  83  5:47  Stalker x2  
  87  5:51  Pylon  
  87  5:52  Probe x2  
  87  5:53  Probe  
  90  5:59  Assimilator  
  90  6:04  Assimilator, Probe x2  
  92  6:09  Pylon  
  92  6:11  Carrier (Chrono Boost), Probe  
  91  6:29  Probe  
  91  6:32  Gateway  
  89  6:34  Gateway  
  89  6:36  Gateway  
  89  6:37  Stalker  
  89  6:39  Carrier (Chrono Boost), Zealot x2  
  100  6:41  Zealot  
  103  6:49  Gateway  
  103  6:51  Gateway  
  102  6:55  Charge  
  102  6:57  Nexus, Pylon  
  102  7:02  Probe  
  103  7:10  Pylon  
  109  7:17  Probe  
  109  7:18  Pylon  
  109  7:20  Carrier (Chrono Boost), Probe  
  109  7:21  Probe  
  112  7:24  Zealot x2  
  112  7:27  Templar Archives  
  112  7:29  Forge  
  116  7:31  Carrier (Chrono Boost)  
  122  7:39  Probe  
  122  7:40  Probe  
  122  7:41  Shield Battery  
  125  7:44  Probe  
  125  7:50  Protoss Air Weapons Level 1  
  125  7:51  Probe  
  125  7:52  Probe  
  125  7:53  Zealot x2  
  125  7:55  Psionic Storm  
  125  7:56  Protoss Ground Weapons Level 1 (Chrono Boost)  
  131  8:01  Gateway  
  131  8:07  Gateway  
  131  8:10  High Templar x2, Photon Cannon  
  136  8:14  Gateway  
  136  8:15  Gateway  
  136  8:19  High Templar  
  137  8:22  Probe  
  138  8:32  Photon Cannon  
  144  8:35  Carrier (Chrono Boost), Assimilator  
  144  8:38  Assimilator  
  144  8:41  Probe x2  
  145  8:42  Robotics Facility  
  145  8:46  Pylon  
  146  8:49  Shield Battery, Pylon  
  146  8:50  Pylon  
  146  8:59  Probe  
  146  9:01  Photon Cannon x2  
  147  9:04  Carrier, Pylon  
  147  9:06  Pylon  
  151  9:10  High Templar  
  151  9:11  High Templar  
  155  9:22  Gateway  
  155  9:23  Gateway  
  153  9:26  Zealot  
  153  9:28  Stalker x3  
  160  9:33  Zealot x5  
  160  9:36  Warp Prism (Chrono Boost)  
  172  9:46  High Templar x2  
  172  9:47  Protoss Air Weapons Level 2 (Chrono Boost)  
  172  9:51  Archon  
  170  9:56  Probe  
  170  9:57  High Templar  
  170  9:58  High Templar  
  175  10:05  Photon Cannon  
  175  10:06  Archon  
  173  10:07  Probe  
  173  10:10  High Templar  
  173  10:11  Photon Cannon  
  173  10:13  Photon Cannon  
  173  10:14  Photon Cannon  
  176  10:16  Zealot, High Templar  
  176  10:17  High Templar  
  176  10:18  Zealot x3  
  176  10:21  Archon x2  
  188  10:34  Observer (Chrono Boost)  
  182  10:37  Zealot x5  
  182  10:41  High Templar  
  182  10:42  High Templar  
  188  10:50  Pylon  
  188  10:53  Probe  
  188  10:54  Pylon  
  187  10:57  Void Ray (Chrono Boost)  
  187  10:58  Pylon  
  187  11:09  Warp Prism (Chrono Boost)  
  187  11:11  Nexus  
  187  11:14  High Templar x4  
  187  11:18  Zealot x3, Archon x2  
  185  11:37  Stalker x4  
  185  11:39  Carrier (Chrono Boost)  
  185  11:47  Zealot x7  
  197  12:00  Zealot  
  197  12:01  Zealot x3  
  187  12:07  Zealot x6  
  187  12:08  Zealot  
  176  12:22  Stalker x4  
  174  12:24  Carrier (Chrono Boost)  
  154  12:30  Stalker x6  
  154  12:32  Probe  
  135  12:38  Probe  
  134  12:44  Nexus, High Templar x2  
  134  12:45  High Templar x2  
  134  12:49  Zealot x3  
  134  12:50  Zealot  
  150  12:52  High Templar x2  
  154  12:59  Carrier (Chrono Boost)  
  154  13:04  Archon  
  144  13:06  Zealot  
  144  13:07  Immortal (Chrono Boost)  
  155  13:13  Nexus, Zealot  
  155  13:15  Pylon  
  163  13:29  High Templar x2  
  163  13:33  Carrier (Chrono Boost)  
  159  13:44  Archon  
  159  13:45  Observer (Chrono Boost)  
  159  13:47  High Templar x2, Zealot x4  
  170  13:53  Archon  
  170  13:55  Shield Battery  
  156  13:57  Carrier (Chrono Boost)  
  156  13:58  Photon Cannon  
  156  14:00  Assimilator  
  156  14:02  Assimilator  
  162  14:06  Zealot  
  162  14:07  Probe x2 (Chrono Boost)  
  166  14:20  Zealot  
  166  14:23  Mothership (Chrono Boost)  
  170  14:25  Zealot x2  
  170  14:26  Zealot  
  148  14:31  Zealot x4  
  126  14:45  High Templar  
  126  14:46  High Templar x3, Zealot  
  126  14:50  Archon x2  
  113  14:56  Zealot x2  
  113  14:59  Probe (Chrono Boost)  
  120  15:03  Probe x2 (Chrono Boost)  
  120  15:05  High Templar x2  
  124  15:11  Archon  
  124  15:14  Zealot  
  127  15:24  Zealot x2  
  77  16:04  Zealot x7  
Show
View Real Time Build Order
Export as new Build Order

LiquidElazer Zerg - Winner!

Build Orders: Hatch First 

Get SALT Encoding   

  12  0:00  Drone  
  13  0:12  Overlord  
  13  0:17  Drone  
  14  0:30  Drone x2  
  16  0:48  Hatchery  
  15  0:51  Drone  
  15  0:55  Drone  
  17  0:58  Drone  
  17  1:01  Extractor  
  17  1:14  Spawning Pool  
  17  1:17  Drone  
  17  1:20  Drone  
  18  1:27  Drone  
  19  1:38  Drone  
  20  1:49  Drone  
  21  2:00  Queen x2  
  25  2:01  Zergling x2, Metabolic Boost  
  25  2:06  Overlord  
  26  2:11  Drone  
  26  2:13  Drone  
  28  2:25  Drone x2  
  30  2:33  Hatchery  
  29  2:38  Queen  
  29  2:42  Drone  
  29  2:44  Drone  
  33  2:47  Overlord  
  33  2:57  Drone x3  
  36  3:05  Queen  
  38  3:10  Drone x2  
  38  3:12  Drone x2  
  42  3:14  Overlord  
  42  3:19  Queen  
  44  3:33  Drone x4  
  48  3:38  Spore Crawler  
  48  3:39  Drone  
  48  3:42  Drone  
  48  3:45  Drone x7  
  55  3:49  Overlord  
  55  3:52  Queen  
  57  4:06  Overlord  
  57  4:12  Evolution Chamber  
  57  4:13  Drone x5  
  57  4:15  Drone  
  62  4:20  Drone x3  
  62  4:22  Drone  
  64  4:24  Drone, Hatchery  
  64  4:27  Drone x3  
  64  4:29  Drone  
  68  4:35  Drone x4  
  68  4:38  Zerg Melee Weapons Level 1  
  72  4:43  Zergling x2  
  72  4:44  Extractor  
  66  4:53  Drone x3  
  66  4:58  Drone  
  66  4:59  Drone x3  
  73  5:02  Overlord  
  73  5:05  Lair  
  73  5:06  Extractor  
  72  5:08  Drone  
  72  5:09  Extractor  
  72  5:10  Roach Warren, Overlord  
  72  5:11  Drone x2  
  73  5:22  Drone x7  
  73  5:27  Drone x2, Hatchery  
  81  5:33  Zergling x2  
  81  5:34  Zergling x8  
  85  5:37  Overlord  
  85  5:40  Zergling x2  
  86  5:44  Zergling x6  
  86  5:45  Zergling x2  
  86  5:49  Zergling x6  
  93  5:51  Zergling x2  
  93  5:55  Zergling x4  
  96  6:00  Zergling x14  
  103  6:04  Zergling x2  
  103  6:05  Queen  
  103  6:07  Queen  
  104  6:14  Queen  
  104  6:15  Queen  
  104  6:23  Zergling x12  
  104  6:27  Drone  
  104  6:30  Overlord  
  104  6:31  Overlord x2  
  104  6:34  Zerg Melee Weapons Level 2  
  104  6:35  Glial Reconstitution  
  104  6:38  Baneling Nest, Evolution Chamber  
  104  6:39  Drone x2  
  104  6:44  Drone x4  
  104  6:45  Drone x3  
  110  6:50  Drone  
  110  6:52  Drone x3  
  110  6:53  Hatchery  
  113  6:54  Zergling x18  
  122  7:01  Zergling x14  
  122  7:07  Overlord  
  122  7:08  Zerg Missile Weapons Level 1  
  129  7:11  Overlord  
  129  7:12  Drone  
  130  7:17  Drone x3  
  130  7:20  Drone  
  134  7:23  Infestation Pit, Extractor, Overlord  
  134  7:25  Drone x8  
  134  7:28  Roach  
  142  7:32  Roach x4  
  142  7:33  Overlord x3  
  150  7:37  Spore Crawler  
  150  7:38  Drone  
  150  7:42  Roach x3  
  158  7:44  Roach  
  153  7:54  Roach x5  
  153  7:55  Roach x6, Ravager  
  176  7:59  Hive  
  176  8:03  Spine Crawler  
  175  8:07  Drone x5  
  175  8:08  Drone x3  
  175  8:09  Zergling x4  
  185  8:16  Overlord x2  
  185  8:18  Drone x3, Extractor  
  186  8:23  Drone, Spire  
  186  8:26  Spine Crawler x2  
  184  8:27  Spine Crawler  
  184  8:29  Spine Crawler  
  184  8:30  Spine Crawler  
  184  8:31  Drone x3, Spine Crawler  
  184  8:32  Drone  
  184  8:34  Spine Crawler  
  184  8:39  Baneling  
  184  8:40  Baneling x13  
  182  8:43  Baneling x6  
  182  8:47  Zergling x18  
  191  8:50  Drone x2, Spine Crawler  
  192  8:57  Drone, Spine Crawler  
  192  8:58  Zerg Ground Armor Level 1  
  192  9:01  Centrifugal Hooks  
  191  9:11  Baneling x8  
  191  9:12  Pneumatized Carapace, Overseer  
  191  9:13  Overseer  
  191  9:14  Overlord  
  191  9:16  Zergling x2  
  191  9:17  Zergling x14  
  193  9:37  Corruptor  
  193  9:38  Corruptor x5  
  191  9:39  Corruptor  
  193  9:47  Corruptor  
  193  9:52  Extractor x2  
  191  9:56  Corruptor  
  193  10:01  Drone x3  
  193  10:02  Drone x3  
  199  10:07  Adrenal Glands  
  199  10:20  Spore Crawler  
  199  10:21  Spore Crawler  
  197  10:22  Spore Crawler x3  
  197  10:24  Spore Crawler x5  
  197  10:25  Spore Crawler x3, Greater Spire  
  197  10:26  Zerg Melee Weapons Level 3, Spore Crawler x3  
  197  10:27  Spore Crawler  
  182  10:29  Spore Crawler  
  177  10:38  Corruptor x3  
  177  10:42  Zergling x40  
  196  10:50  Corruptor x2  
  199  10:59  Zerg Ground Armor Level 2  
  199  11:01  Drone  
  182  11:35  Corruptor x5  
  182  11:38  Zergling x40  
  190  11:43  Roach  
  190  11:44  Roach  
  189  12:00  Roach x8  
  192  12:07  Queen x2  
  180  12:11  Roach x14  
  184  12:17  Zergling x10  
  176  12:22  Zergling x2  
  176  12:23  Zergling x8  
  176  12:26  Zergling x2  
  169  12:30  Zergling x8  
  169  12:33  Ravager x3  
  169  12:35  Zergling x4  
  169  12:36  Queen x3  
  180  12:41  Drone x4  
  184  12:53  Hatchery  
  184  12:55  Zergling x14  
  190  13:04  Zergling x12  
  194  13:10  Zerg Missile Weapons Level 2, Zerg Flyer Armor Level 1  
  194  13:12  Zergling x6  
  195  13:21  Drone x4  
  195  13:22  Drone  
  195  13:23  Zerg Ground Armor Level 3  
  200  13:27  Baneling x18  
  200  13:28  Baneling x2  
  200  13:40  Drone x2  
  199  13:52  Drone  
  199  13:53  Drone, Spine Crawler x2  
  199  13:54  Drone  
  198  13:56  Spine Crawler  
  198  14:00  Drone  
  198  14:22  Zergling x2  
  198  14:23  Zergling x8  
  195  14:38  Zergling x30  
  200  14:42  Zergling x18  
  184  14:50  Queen x3  
  184  14:51  Queen  
  159  14:54  Brood Lord x5  
  159  14:56  Corruptor x3  
  159  14:59  Corruptor  
  172  15:00  Spore Crawler x2  
  172  15:01  Spore Crawler  
  172  15:03  Spore Crawler  
  172  15:04  Corruptor  
  170  15:15  Corruptor x3  
  175  15:21  Corruptor x2  
  177  15:30  Corruptor x3  
  183  15:36  Corruptor  
  181  15:43  Corruptor x2  
Tags
 
Add a new tag
Caveats
  • Supply blocks, unpowered buildings, or Contaminate may cause inaccurate times.
  • Supply counts are checked every 10 seconds.